 Dungeon Crawl Stone Soup version 0.31-a0-981-geadf994542 (webtiles) character file.

Game seed: 15438218357986001258

340 Whiskey the Changeling (level 6, -2/38 HPs)
             Began as an Octopode Shapeshifter on Nov 2, 2023.
             Slain by a gnoll
             ... wielding a +0 halberd
              (3 damage)
             ... on level 4 of the Dungeon.
             The game lasted 00:05:19 (3517 turns).

Whiskey the Changeling (Octopode Shapeshifter)      Turns: 3517, Time: 00:05:20

Health: -2/38      AC:  1    Str: 12 (13) XL:     6   Next: 56%
Magic:  6/6        EV: 12    Int: 12 (14) God:
Gold:   182        SH:  4    Dex: 10 (12) Spells: 5/5 levels left

rFire   . .          .
                       - Unarmed
rCold   . . .        i - +0 buckler
rNeg    . . .        (helmet currently unavailable)
rPois   .            (no amulet)
rElec   .            (no ring)
rCorr   .            (no ring)
SInv    .            (no ring)
Will    .....        (no ring)
Stlth   ++           (no ring)
HPRegen 0.26/turn    (no ring)
MPRegen 0.10/turn    (no ring)
                     (no ring)

%: no passive effects
@: beast-form, attractive
A: beast (slay +3), almost no armour, amphibious, 8 rings, camouflage 1,
gelatinous body 1, (nimble swimmer 1), tentacles
a: Begin Untransformation


You were on level 4 of the Dungeon.
You were a hulking beast.
You visited 1 branch of the dungeon, and saw 4 of its levels.

You collected 182 gold pieces.

Inventory:

Armour
 i - a +0 buckler (worn)
   (You found it on level 2 of the Dungeon)
Talismans
 b - a beast talisman
 c - a flux talisman
 s - a blade talisman
   (You found it on level 3 of the Dungeon)
Scrolls
 d - 2 scrolls of enchant weapon {unknown}
 e - 3 scrolls of blinking {unknown}
 f - 4 scrolls of enchant armour {unknown}
 k - a scroll of noise {unknown}
 l - a scroll of teleportation {unknown}
 m - a scroll of immolation {unknown}
 p - 5 scrolls of identify {unknown}
 q - a scroll of fog {unknown}
 r - a scroll of silence {unknown}
Potions
 a - a potion of lignification {!q}
 g - a potion of attraction {!q}
 j - a potion of haste {unknown}
 o - a potion of heal wounds {unknown}


   Skills:
 + Level 1.5 Fighting
 - Level 2.0 Dodging
 + Level 2.6 Shields
 - Level 3.0 Unarmed Combat
 * Level 5.9 Shapeshifting


You had 5 spell levels left.
You didn't know any spells.
Your spell library contained the following spells:

 Spells                   Type           Power      Damage    Failure   Level
 Apportation              Tloc           0%         N/A       43%         1
 Sandblast                Erth           0%         2d4       43%         1
 Jinxbite                 Hex            0%         N/A       56%         2
 Passwall                 Tmut/Erth      0%         N/A       56%         2
 Sublimation of Blood     Necr           0%         N/A       56%         2
 Wereblood                Tmut           0%         N/A       56%         2
 Stone Arrow              Conj/Erth      0%         3d7       80%         3
 Brom's Barrelling Bould  Conj/Erth      0%         2d3       99%         4
 Alistair's Intoxication  Tmut/Pois      0%         N/A       100%        5
 Summon Hydra             Summ           0%         N/A       100%        7


Dungeon Overview and Level Annotations

Branches:
Dungeon (4/15)
 Temple: D:4-7

Altars:
Fedhas


Innate Abilities, Weirdness & Mutations

You are a hulking beast.
Your limbs bulge with bestial killing power. (Slay +3)
You cannot wear most types of armour.
You are amphibious.
You can wear up to eight rings at the same time.
Your skin changes colour to match your surroundings (Stealth+).
Your rubbery body absorbs attacks. (AC +1, EV +1)
((You are camouflaged when in or above water. (Stealth+)))
You have tentacles for arms and can constrict up to eight enemies at once.


Message History

Found a stone staircase leading up.
Health restored: 38 A phantom comes into view.
You block the phantom's attack.
You closely miss the phantom. The phantom hits you.
The phantom blinks!
You blink.
You take 6 damage, and have 32/38 hp.
You barely miss the phantom.
Your tentacle-slap misses the phantom.
The phantom barely misses you.
You bludgeon the phantom!
Your tentacle-slap misses the phantom.
The phantom hits you.
You take 4 damage, and have 28/38 hp.
You barely miss the phantom. Your squeeze misses the phantom.
The phantom misses you.
You tentacle-slap the phantom but do no damage.
Your squeeze misses the phantom. The phantom barely misses you.
You closely miss the phantom. Your squeeze misses the phantom.
The phantom hits you.
You take 3 damage, and have 26/38 hp.
You tentacle-slap the phantom. The phantom barely misses you.
You tentacle-slap the phantom. Your squeeze misses the phantom.
The phantom barely misses you.
You bludgeon the phantom! You barely miss the phantom.
The phantom barely misses you.
You tentacle-slap the phantom but do no damage.
You squeeze the phantom. The phantom hits you.
The phantom blinks!
You blink.
You take 1 damage, and have 26/38 hp.
A phantom is nearby!
You tentacle-slap the phantom but do no damage.
The phantom barely misses you.
You tentacle-slap the phantom. x2; You squeeze the phantom.
You destroy the phantom!
No target in view!
No target in view!
No target in view!
No target in view!
No target in view!
No target in view!
No target in view!
No target in view!
No target in view!
No target in view!
No target in view!
p - 5 scrolls labelled RUATSU DETIENAFF (gained 1)
You now have 182 gold pieces (gained 18).
A gnoll comes into view. It is wielding a +0 flail.
Health restored: 38 A gnoll is nearby!
A gnoll comes into view. It is wielding a +0 flail.
The gnoll shouts! x2
The gnoll throws a throwing net.
The throwing net barely misses you.
A gnoll comes into view. It is wielding a +0 halberd.
A goblin comes into view. It is wielding a +0 club.
The goblin shouts!
A gnoll comes into view. It is wielding a +0 spear.
The gnoll hits you with a +0 flail.
You take 5 damage, and have 33/38 hp.
The gnoll shouts!
You bludgeon the gnoll! Your grab misses the gnoll. You squeeze the gnoll.
The gnoll hits you with a +0 flail. The gnoll hits you with a +0 flail!
You tentacle-slap the gnoll.
You kill the gnoll!
You block the gnoll's attack.
You bludgeon the gnoll! You grab the gnoll. You constrict the gnoll.
The gnoll hits you with a +0 flail!
* * * LOW HITPOINT WARNING * * *
The gnoll misses you.
You are too injured to fight recklessly!
You are too injured to fight recklessly!
You are too injured to fight recklessly!
You take 22 damage, and have 11/38 hp.
MASSIVE DAMAGE!!
You are too injured to fight recklessly!
You are too injured to fight recklessly!
You are too injured to fight recklessly!
You are too injured to fight recklessly!
You are too injured to fight recklessly!
You are too injured to fight recklessly!
You are too injured to fight recklessly!
You are too injured to fight recklessly!
You are too injured to fight recklessly!
You are too injured to fight recklessly!
You are too injured to fight recklessly!
You tentacle-slap the gnoll.
You kill the gnoll!
The gnoll hits you from afar with a +0 spear.
* * * LOW HITPOINT WARNING * * *
You take 6 damage, and have 5/38 hp.
It was a potion of attraction.
You feel attractive to monsters. The goblin hits you but does no damage.
The gnoll is attracted toward you. x2
The goblin hits you with a +0 club.
* * * LOW HITPOINT WARNING * * *
The gnoll is attracted toward you. x2
You take 5 damage, and have 1/38 hp.
The gnoll barely misses you.
It was a potion of degeneration.
There was something very wrong with that liquid.
You feel weakened.
You feel dopey.
You feel clumsy.
The gnoll hits you from afar with a +0 halberd.
You die...

#.# #.....#
#.# ###(.##
#.# #..# #.#
#..# #.# #..#
#.. #..## ##.
#.(.# ##..#
.#####.h#####
.......g....#
..####gg###.#
...$...§#
..####.§)#
###.# .# ..
##.


You could see 2 gnolls and a goblin.

Vanquished Creatures
  A phantom (D:4)
  A scorpion (D:4)
  A jelly (D:4)
  Jessica (D:2)
  2 gnolls (D:4)
  4 adders
  A worm (D:4)
  3 dart slugs
  6 orcs (D:3)
  5 ball pythons (D:1)
  4 bats
  3 endoplasms
  3 giant cockroaches
  18 goblins
  6 hobgoblins
  7 quokkas
  4 frilled lizards
  3 kobolds
  5 rats
78 creatures vanquished.

Notes
Turn   | Place    | Note
-------+----------+-------------------------------------------
     0 | D:1      | Whiskey the Octopode Shapeshifter began the quest for the
                  | Orb.
     0 | D:1      | Reached XP level 1. HP: 13/13 MP: 1/1
   152 | D:1      | Reached XP level 2. HP: 9/18 MP: 2/2
   903 | D:2      | Reached skill level 4 in Shapeshifting
   903 | D:2      | Reached XP level 3. HP: 20/23 MP: 3/3
  1024 | D:2      | Noticed Jessica
  1035 | D:2      | Killed Jessica
  1183 | D:2      | Reached XP level 4. HP: 28/28 MP: 4/4
  1988 | D:3      | Reached skill level 1 in Shields
  2171 | D:3      | Reached skill level 5 in Shapeshifting
  2264 | D:3      | Reached XP level 5. HP: 33/33 MP: 5/5
  2345 | D:4      | Identified the of Kaoma
  2847 | D:3      | Found a blossoming altar of Fedhas.
  3091 | D:4      | HP: 8/33 [scorpion (7)]
  3095 | D:4      | Reached skill level 2 in Shields
  3222 | D:4      | Reached XP level 6. HP: 23/38 MP: 6/6
  3512 | D:4      | HP: 5/38 [gnoll/+0 spear (6)]
  3515 | D:4      | HP: 1/38 [goblin/+0 club (5)]
  3517 | D:4      | Slain by a gnoll

Illustrated notes

Levels and vault maps discovered:
D:1:      psy_arrival_fountain, layout_loops_ring,
          nicolae_concentric_dashed_squares_wild
D:2:      cheibrodos_greedy_goblins, layout_loops_corners, uniq_jessica
D:3:      layout_loops_ring, mainiacjoe_overflow_cross_hatched, serial_forest,
          infiniplex_forest_lined_room_2, infiniplex_forest_clump_double,
          infiniplex_forest_side_room, infiniplex_forest_straight_5,
          infiniplex_forest_lined_3_way, infiniplex_forest_clump_medium,
          infiniplex_forest_fountain, st_stairs_9
D:4:      layout_loops_ring, palyth_temple_overflow_mages,
          nicolae_ashenzari_skybound

Skill      XL: |  1  2  3  4  5 |
---------------+----------------+-----
Shapeshifting  | 4 5 |  5.9
Shields        | 1 2 |  2.6
Fighting       | |  1.5
Dodging        | |  2.0
Unarmed Combat | |  3.0

Action                     |  1- 3 |  4- 6 || total
---------------------------+-------+-------++-------
  Melee: Unarmed           |    47 |   125 ||   172
         Constrict         |    14 |    31 ||    45
         Tentacles         |     7 |    17 ||    24
         Punch             |     2 |     2 ||     4
    Use: Potion            |       |     4 ||     4
   Stab: Sleeping          |     7 |     6 ||    13
 Armour: Skin              |    12 |    56 ||    68
  Dodge: Dodged            |    27 |    70 ||    97
  Block: Buckler           |       |    17 ||    17

Table legend: (Time is in decaauts)
 A = Elapsed time spent in this place.
 B = Non-inter-level travel time spent in this place.
 C = Inter-level travel time spent in this place.
 D = Time resting spent in this place.
 E = Time spent auto-exploring this place.
 F = Levels seen in this place.
 G = Mean time per level.
                   A        B        C        D        E       F      G
               +--------+--------+--------+--------+--------+-----+--------+
         Total |   3516 |   3462 |     54 |    163 |   2832 |   4 |  879.0 |
       Dungeon |   3516 |   3462 |     54 |    163 |   2832 |   4 |  879.0 |
               +--------+--------+--------+--------+--------+-----+--------+

Top non-repeatable levels by time:
     D:3: 1226 daAuts
     D:2: 991 daAuts
     D:1: 800 daAuts
     D:4: 498 daAuts

Levels and vault maps discovered:
D:1:      psy_arrival_fountain, layout_loops_ring,
          nicolae_concentric_dashed_squares_wild
D:2:      cheibrodos_greedy_goblins, layout_loops_corners, uniq_jessica
D:3:      layout_loops_ring, mainiacjoe_overflow_cross_hatched, serial_forest,
          infiniplex_forest_lined_room_2, infiniplex_forest_clump_double,
          infiniplex_forest_side_room, infiniplex_forest_straight_5,
          infiniplex_forest_lined_3_way, infiniplex_forest_clump_medium,
          infiniplex_forest_fountain, st_stairs_9
D:4:      layout_loops_ring, palyth_temple_overflow_mages,
          nicolae_ashenzari_skybound

Table legend: (Time is in decaauts)
 A = Elapsed time spent in this place.
 B = Non-inter-level travel time spent in this place.
 C = Inter-level travel time spent in this place.
 D = Time resting spent in this place.
 E = Time spent auto-exploring this place.
 F = Levels seen in this place.
 G = Mean time per level.
                   A        B        C        D        E       F      G
               +--------+--------+--------+--------+--------+-----+--------+
         Total |   3516 |   3462 |     54 |    163 |   2832 |   4 |  879.0 |
       Dungeon |   3516 |   3462 |     54 |    163 |   2832 |   4 |  879.0 |
               +--------+--------+--------+--------+--------+-----+--------+

Top non-repeatable levels by time:
     D:3: 1226 daAuts
     D:2: 991 daAuts
     D:1: 800 daAuts
     D:4: 498 daAuts

Table legend:
 A = Kills in this place as a percentage of kills in the entire game.
 B = Kills by you in this place as a percentage of kills by you in the entire game.
 C = Kills by friends in this place as a percentage of kills by friends in the entire game.
 D = Other kills in this place as a percentage of other kills in the entire game.
 E = Experience gained in this place as a percentage of experience gained in the entire game.
 F = Experience gained in this place divided by the number of levels of this place that you have seen.
                   A       B       C       D       E      F
               +-------+-------+-------+-------+-------+----------------------
         Total | 100.0 | 100.0 |   N/A |   N/A | 100.0 | 121.8
       Dungeon | 100.0 | 100.0 |   N/A |   N/A | 100.0 | 121.8
               +-------+-------+-------+-------+-------+----------------------
